 Dungeon Crawl Stone Soup version 0.29.0-4-gdea44cf6ec (webtiles) character file.

Game seed: 7687437227950616707

12509 qw the Grappler (level 11, -1/111 (119) HPs)
             Began as a Troll Cinder Acolyte on Sept 1, 2022.
             Was a Priest of Ignis.
             Slain by a vampire (3 damage)
             ... on level 9 of the Dungeon.
             The game lasted 00:04:21 (7107 turns).

qw the Grappler (Troll Cinder Acolyte)              Turns: 7107, Time: 00:04:21

HP:   -1/111 (119)  AC:  5    Str: 28    XL:     11   Next: 63%
MP:   12/12         EV: 14    Int: 10    God:    Ignis [***...]
Gold: 427           SH:  0    Dex:  5    Spells: 12/12 levels left

rFire   + . .      SeeInvis .     - Unarmed
rCold   + . .      Faith    .   (no shield)
rNeg    . . .      Spirit   .   a - +0 robe
rPois   .          Reflect  .   (helmet restricted)
rElec   .          Harm     .   h - +0 cloak
rCorr   .          Rampage  .   (gloves unavailable)
Will    .....                   (boots unavailable)
Stlth   +.........              o - amulet of regeneration
HPRegen 1.88/turn               m - ring of protection from cold
MPRegen 0.13/turn               i - +4 ring of evasion

@: confused, drained
A: large, unfitting armour, claws 3, regeneration 1, shaggy fur 1, tough skin 1,
high MP 1, sense surroundings 1
a: Renounce Religion, Fiery Armour, Foxfire Swarm, Rising Flame


You were on level 9 of the Dungeon.
You worshipped Ignis.
Ignis was most pleased with you.
You visited 1 branch of the dungeon, and saw 9 of its levels.

You collected 427 gold pieces.


Innate Abilities, Weirdness & Mutations

You are too large for most types of armour.
You have claws for hands.
Your natural rate of healing is unusually fast.
You are covered in fur. (AC +1)
You have tough skin. (AC +1)
You have an increased reservoir of magic. (+10% MP)
You passively map a small area around you.


   Skills:
 - Level 10.4 Fighting
 - Level 5.0 Throwing
 - Level 1.2 Armour
 - Level 4.0 Dodging
 + Level 13.9 Unarmed Combat
 - Level 1.0 Spellcasting
 - Level 2.1 Fire Magic


You had 12 spell levels left.
You didn't know any spells.
Your spell library contained the following spells:

 Spells                   Type           Power      Damage    Failure   Level
 Scorch                   Fire           8%         2d5       22%         2

Inventory:

Missiles
 l - 3 large rocks (quivered)
Armour
 a - a +0 robe (worn)
 h - a +0 cloak (worn)
Jewellery
 b - a +6 ring of dexterity
 i - a +4 ring of evasion (right claw)
 m - a ring of protection from cold (left claw)
 o - an amulet of regeneration (around neck)
Scrolls
 c - 3 scrolls of identify
 k - a scroll of enchant weapon
 q - a scroll of teleportation
Potions
 f - 2 potions of mutation
 g - 7 potions of might
 j - 3 potions of heal wounds

Dungeon Overview and Level Annotations

Branches:
Dungeon (9/15)             Temple (0/1) D:5            Lair (0/5) D:9
    Orc: D:9-12

Altars:
Ashenzari
Cheibriados
Ru
Xom

Shops:
D:3 *   D:7 *   D:8 :


Message History

You're too confused to attack without stumbling around!
You start resting.
Something hits you! Something bites you but does no damage.
You're too confused to attack without stumbling around!
There is a strange disturbance nearby!
Something hits you! Something bites you!
Something draws strength from your injuries!
You're too confused to attack without stumbling around!
There is a strange disturbance nearby!
Something hits you! Something completely misses you.
You're too confused to attack without stumbling around!
There is a strange disturbance nearby!
Something hits you! Something bites you but does no damage.
You're too confused to attack without stumbling around!
There is a strange disturbance nearby!
Something hits you. Something bites you but does no damage.
You're too confused to attack without stumbling around!
There is a strange disturbance nearby!
You feel less confused. Something closely misses you.
Something bites you but does no damage.
You mangle something!! Something hits you! Something bites you.
Something draws strength from your injuries!
You barely miss something. You closely miss something. Something hits you.
Something barely misses you.
You scratch something.
You hear some strange, mumbled words.
You are confused.
You're too confused to attack without stumbling around!
There is a strange disturbance nearby!
Something hits you. Something bites you.
Something draws strength from your injuries!
You're too confused to attack without stumbling around!
There is a strange disturbance nearby!
Something draws life force from you!
You're too confused to attack without stumbling around!
There is a strange disturbance nearby!
Something hits you. Something bites you.
You die...

, ##.......P....) ,......*
#....##.P...... ......#
##...........P. ,
......######.......P....
........................ * ,
...........#......##.. # ###
#................###.
......#...............># #.
#####.#...@..........#..###
#/$[#....{.........#.....##
*,#:>$#..=.........#........#
#$$"#.##........####.......
*,#####,##.............###...
* ... ,#.......%%%##### ... *
##* #..........# * ####
#..........# ...#
##..........# ,


There were no monsters in sight!

Vanquished Creatures
  Pikel (D:5)
  A troll (D:6)
  Grinder (D:3)
  A vampire (D:9)
  2 wyverns (D:9)
  A basilisk (D:9)
  3 yaks (D:8)
  4 water moccasins
  Duvessa (D:7)
  An orc warrior (D:9)
  2 black bears (D:9)
  An ice beast (D:6)
  A sky beast (D:7)
  3 ogres
  A centaur (D:9)
  3 wolves (D:9)
  A phantom (D:4)
  2 kobold brigands (D:9)
  A bullfrog (D:7)
  A necrophage (D:5)
  3 scorpions
  9 wights
  Dowan (D:7)
  3 killer bees (D:9)
  A howler monkey (D:9)
  2 hounds
  2 jellies
  A gnoll bouda (D:4)
  3 orc priests
  Jessica (D:3)
  4 iguanas
  Ijyb (D:3)
  Terence (D:2)
  Natasha (thrice) (D:2)
  12 orc wizards
  Robin (D:3)
  14 gnolls
  12 adders
  2 shadow imps
  3 white imps
  An ufetubus (D:6)
  4 worms
  3 dart slugs
  28 orcs
  4 endoplasms
  A giant cockroach (D:4)
  10 hobgoblins
  3 jackals (D:3)
  5 quokkas
  8 ball pythons
  3 bats
  6 frilled lizards
  23 goblins
  7 kobolds
  6 rats
223 creatures vanquished.

Vanquished Creatures (others)
  2 fungi (D:9)
  14 plants
16 creatures vanquished.

Grand Total: 239 creatures vanquished

Notes
Turn   | Place    | Note
-------+----------+-------------------------------------------
     0 | D:1      | qw the Troll Cinder Acolyte began the quest for the Orb.
     0 | D:1      | Reached XP level 1. HP: 22/22 MP: 1/1
     0 | D:1      | 0 ||| qw: Version: 0.1-a-97-g2dd2ca4
     0 | D:1      | 0 ||| qw: Game counter: 4887
     0 | D:1      | 0 ||| qw: Always use a shield: true
     0 | D:1      | 0 ||| qw: God list: Okawaru
     0 | D:1      | 0 ||| qw: Allow faded altars: false
     0 | D:1      | 0 ||| qw: Do Orc after D:15 true
     0 | D:1      | 0 ||| qw: Do second Lair branch before Depths: true
     0 | D:1      | 0 ||| qw: Lair rune preference: random
     0 | D:1      | 0 ||| qw: Plans: Normal
     0 | D:1      | 0 ||| PLANNING D:1-11
   108 | D:1      | 108 ||| Stepping ~*~*~tactically~*~*~ (hiding).
   185 | D:1      | Reached XP level 2. HP: 29/29 MP: 2/2
   256 | D:1      | 256 ||| Stepping ~*~*~tactically~*~*~ (stealth).
   314 | D:1      | 314 ||| Stepping ~*~*~tactically~*~*~ (stealth).
   356 | D:1      | You fall into a shaft and drop 1 floor!
   369 | D:2      | Noticed Terence
   369 | D:2      | Noticed Natasha
   370 | D:2      | 370 ||| Stepping ~*~*~tactically~*~*~ (hiding).
   376 | D:2      | 376 ||| INVOKING Fiery Armour.
   385 | D:2      | Killed Natasha
   386 | D:2      | Reached skill level 4 in Unarmed Combat
   386 | D:2      | Reached XP level 3. HP: 15/36 MP: 3/3
   390 | D:2      | Killed Terence
   440 | D:2      | 440 ||| READING 2 scrolls labelled COUSU KIXEUME.
   441 | D:2      | 441 ||| READING scroll labelled SAEPHA NAADGHEVEG.
   442 | D:2      | 442 ||| READING scroll labelled KOFRARPHEF.
   447 | D:2      | Noticed Natasha
   452 | D:2      | Reached skill level 5 in Unarmed Combat
   452 | D:2      | Reached XP level 4. HP: 44/44 MP: 4/4
   456 | D:2      | Killed Natasha
   466 | D:2      | 466 ||| READING scroll labelled OSCHIB ETWYA.
   467 | D:2      | 467 ||| DROPPING scroll of fear.
   467 | D:2      | Noticed Natasha
   468 | D:2      | 468 ||| Stepping ~*~*~tactically~*~*~ (stealth).
   471 | D:2      | Killed Natasha
   511 | D:2      | 511 ||| Stepping ~*~*~tactically~*~*~ (stealth).
   512 | D:2      | 512 ||| DRINKING 2 viscous silvery potions.
   759 | D:1      | Reached XP level 5. HP: 50/50 MP: 5/5
   862 | D:1      | 862 ||| Stepping ~*~*~tactically~*~*~ (hiding).
   863 | D:1      | 863 ||| Stepping ~*~*~tactically~*~*~ (hiding).
   966 | D:1      | 966 ||| READING scroll labelled NEOCVOXAU.
  1371 | D:2      | 1371 ||| READING scroll labelled XITZAB WADOROIDOF.
  1372 | D:2      | 1372 ||| READING scroll labelled YJODIX UCHI VIZ.
  1373 | D:2      | 1373 ||| READING scroll labelled BEBASHOISMU.
  1460 | D:3      | Found a broken altar of Ashenzari.
  1475 | D:3      | 1475 ||| Stepping randomly (stuck).
  1476 | D:3      | 1476 ||| Stepping randomly (stuck).
  1477 | D:3      | 1477 ||| Stepping randomly (stuck).
  1478 | D:3      | 1478 ||| Stepping randomly (stuck).
  1479 | D:3      | 1479 ||| Stepping randomly (stuck).
  1480 | D:3      | 1480 ||| Stepping randomly (stuck).
  1481 | D:3      | 1481 ||| Stepping randomly (stuck).
  1482 | D:3      | 1482 ||| Stepping randomly (stuck).
  1483 | D:3      | 1483 ||| Stepping randomly (stuck).
  1484 | D:3      | 1484 ||| Stepping randomly (stuck).
  1485 | D:3      | 1485 ||| Stepping randomly (stuck).
  1486 | D:3      | 1486 ||| Stepping randomly (stuck).
  1487 | D:3      | 1487 ||| Stepping randomly (stuck).
  1488 | D:3      | 1488 ||| Stepping randomly (stuck).
  1489 | D:3      | 1489 ||| Stepping randomly (stuck).
  1490 | D:3      | 1490 ||| Stepping randomly (stuck).
  1500 | D:3      | 1500 ||| Stepping ~*~*~tactically~*~*~ (hiding).
  1501 | D:3      | 1501 ||| Stepping ~*~*~tactically~*~*~ (hiding).
  1508 | D:3      | 1508 ||| INVOKING Fiery Armour.
  1510 | D:3      | Reached skill level 6 in Unarmed Combat
  1510 | D:3      | 1510 ||| Stepping ~*~*~tactically~*~*~ (hiding).
  1584 | D:3      | Found Qoaled's General Store.
  1624 | D:3      | Noticed Jessica
  1625 | D:3      | 1625 ||| Stepping ~*~*~tactically~*~*~ (hiding).
  1631 | D:3      | Killed Jessica
  1632 | D:3      | Reached skill level 1 in Throwing
  1737 | D:3      | 1737 ||| Stepping ~*~*~tactically~*~*~ (stealth).
  1738 | D:3      | 1738 ||| Stepping ~*~*~tactically~*~*~ (stealth).
  1739 | D:3      | Identified the +1 helmet of Brilliance {rF+ Regen+ Int-5}
  1739 | D:3      | Noticed Robin
  1740 | D:3      | 1740 ||| Stepping ~*~*~tactically~*~*~ (hiding).
  1740 | D:3      | Found a faded altar of an unknown god.
  1744 | D:3      | 1744 ||| Stepping ~*~*~tactically~*~*~ (hiding).
  1747 | D:3      | 1747 ||| Stepping ~*~*~tactically~*~*~ (outnumbered).
  1748 | D:3      | 1748 ||| Stepping ~*~*~tactically~*~*~ (outnumbered).
  1749 | D:3      | 1749 ||| Stepping ~*~*~tactically~*~*~ (outnumbered).
  1750 | D:3      | 1750 ||| Stepping ~*~*~tactically~*~*~ (outnumbered).
  1751 | D:3      | 1751 ||| Stepping ~*~*~tactically~*~*~ (outnumbered).
  1752 | D:3      | 1752 ||| Stepping ~*~*~tactically~*~*~ (outnumbered).
  1753 | D:3      | 1753 ||| Stepping ~*~*~tactically~*~*~ (outnumbered).
  1754 | D:3      | 1754 ||| INVOKING Fiery Armour.
  1755 | D:3      | 1755 ||| Stepping ~*~*~tactically~*~*~ (outnumbered).
  1756 | D:3      | 1756 ||| Stepping ~*~*~tactically~*~*~ (outnumbered).
  1757 | D:3      | 1757 ||| Stepping ~*~*~tactically~*~*~ (outnumbered).
  1758 | D:3      | 1758 ||| Stepping ~*~*~tactically~*~*~ (outnumbered).
  1759 | D:3      | 1759 ||| Stepping ~*~*~tactically~*~*~ (outnumbered).
  1763 | D:3      | 1763 ||| Stepping ~*~*~tactically~*~*~ (outnumbered).
  1770 | D:3      | Killed Robin
  1772 | D:3      | 1772 ||| FLEEEEING.
  1776 | D:3      | 1776 ||| Stepping ~*~*~tactically~*~*~ (outnumbered).
  1899 | D:3      | Reached XP level 6. HP: 58/59 MP: 6/6
  1953 | D:3      | Noticed Grinder
  1962 | D:3      | 1962 ||| Stepping ~*~*~tactically~*~*~ (outnumbered).
  1963 | D:3      | 1963 ||| Stepping ~*~*~tactically~*~*~ (outnumbered).
  1967 | D:3      | Killed Grinder
  1968 | D:3      | Reached skill level 7 in Unarmed Combat
  1983 | D:3      | 1983 ||| FLEEEEING.
  2013 | D:3      | 2013 ||| Stepping ~*~*~tactically~*~*~ (stealth).
  2029 | D:3      | Noticed Ijyb
  2030 | D:3      | 2030 ||| Stepping ~*~*~tactically~*~*~ (hiding).
  2036 | D:3      | 2036 ||| Stepping ~*~*~tactically~*~*~ (outnumbered).
  2045 | D:3      | Killed Ijyb
  2046 | D:3      | Reached XP level 7. HP: 66/66 MP: 7/7
  2125 | D:3      | 2125 ||| Stepping ~*~*~tactically~*~*~ (hiding).
  2323 | D:3      | Found a snail-covered altar of Cheibriados.
  2653 | D:3      | 2653 ||| Stepping ~*~*~tactically~*~*~ (stealth).
  2667 | D:3      | 2667 ||| Stepping ~*~*~tactically~*~*~ (stealth).
  2669 | D:3      | 2669 ||| Stepping ~*~*~tactically~*~*~ (stealth).
  2671 | D:3      | 2671 ||| Stepping ~*~*~tactically~*~*~ (stealth).
  2747 | D:3      | 2747 ||| UPGRADING to +0 cloak.
  2752 | D:3      | 2752 ||| UPGRADING to amulet of regeneration.
  2757 | D:3      | 2757 ||| READING scroll labelled WEMIV QULERE.
  2758 | D:3      | 2758 ||| DRINKING 2 smoky amethyst potions.
  2759 | D:3      | 2759 ||| DRINKING 2 fizzy green potions.
  2864 | D:3      | 2864 ||| DROPPING potion of flight.
  2865 | D:3      | 2865 ||| DROPPING potion of berserk rage.
  2882 | D:4      | 2882 ||| STAIRDANCE
  2888 | D:4      | 2888 ||| STAIRDANCE
  2890 | D:3      | 2890 ||| Stepping ~*~*~tactically~*~*~ (outnumbered).
  2891 | D:3      | 2891 ||| Stepping ~*~*~tactically~*~*~ (outnumbered).
  2892 | D:3      | 2892 ||| Stepping ~*~*~tactically~*~*~ (outnumbered).
  2897 | D:3      | 2897 ||| Stepping ~*~*~tactically~*~*~ (outnumbered).
  2898 | D:3      | 2898 ||| Stepping ~*~*~tactically~*~*~ (outnumbered).
  2899 | D:3      | 2899 ||| Stepping ~*~*~tactically~*~*~ (outnumbered).
  2900 | D:3      | 2900 ||| Stepping ~*~*~tactically~*~*~ (outnumbered).
  2901 | D:3      | 2901 ||| Stepping ~*~*~tactically~*~*~ (outnumbered).
  2902 | D:3      | 2902 ||| Stepping ~*~*~tactically~*~*~ (outnumbered).
  2903 | D:3      | 2903 ||| Stepping ~*~*~tactically~*~*~ (outnumbered).
  2904 | D:3      | 2904 ||| Stepping ~*~*~tactically~*~*~ (outnumbered).
  3023 | D:4      | 3023 ||| Stepping ~*~*~tactically~*~*~ (stealth).
  3038 | D:4      | Reached skill level 8 in Unarmed Combat
  3040 | D:4      | 3040 ||| INVOKING Fiery Armour.
  3049 | D:4      | Reached skill level 3 in Fighting
  3202 | D:4      | Reached skill level 3 in Throwing
  3237 | D:4      | 3237 ||| Stepping ~*~*~tactically~*~*~ (stealth).
  3395 | D:4      | Reached XP level 8. HP: 75/75 MP: 8/8
  3670 | D:4      | 3670 ||| DROPPING scarf of invisibility.
  3671 | D:4      | 3671 ||| READING scroll labelled QEMUCZ VERAUWN.
  3672 | D:4      | 3672 ||| DRINKING 2 fizzy purple potions.
  3672 | D:4      | Gained mutation: You have an increased reservoir of magic.
                  | (+10% MP) [potion of mutation]
  3672 | D:4      | Gained mutation: You passively map a small area around you.
                  | [potion of mutation]
  3682 | D:4      | 3682 ||| READING 3 scrolls of identify.
  3682 | D:4      | 3682 ||| IDENTIFYING sedimented green potion
  3683 | D:4      | 3683 ||| READING 2 scrolls of identify.
  3683 | D:4      | 3683 ||| IDENTIFYING purple potion
  3684 | D:4      | 3684 ||| DROPPING potion of degeneration.
  3685 | D:4      | 3685 ||| DROPPING potion of attraction.
  3730 | D:5      | Entered Level 5 of the Dungeon
  3746 | D:5      | Reached skill level 9 in Unarmed Combat
  3792 | D:5      | Noticed Pikel
  3794 | D:5      | 3794 ||| Stepping ~*~*~tactically~*~*~ (stealth).
  3796 | D:5      | 3796 ||| INVOKING Fiery Armour.
  3799 | D:5      | 3799 ||| Stepping ~*~*~tactically~*~*~ (outnumbered).
  3800 | D:5      | 3800 ||| Stepping ~*~*~tactically~*~*~ (outnumbered).
  3801 | D:5      | 3801 ||| Stepping ~*~*~tactically~*~*~ (outnumbered).
  3805 | D:5      | Killed Pikel
  3906 | D:5      | 3906 ||| Stepping ~*~*~tactically~*~*~ (hiding).
  4091 | D:5      | 4091 ||| Stepping ~*~*~tactically~*~*~ (stealth).
  4096 | D:5      | 4096 ||| Stepping ~*~*~tactically~*~*~ (stealth).
  4098 | D:5      | 4098 ||| Stepping ~*~*~tactically~*~*~ (stealth).
  4104 | D:5      | 4104 ||| Stepping ~*~*~tactically~*~*~ (hiding).
  4117 | D:5      | 4117 ||| INVOKING Fiery Armour.
  4119 | D:5      | 4119 ||| Stepping ~*~*~tactically~*~*~ (outnumbered).
  4120 | D:5      | 4120 ||| Stepping ~*~*~tactically~*~*~ (outnumbered).
  4126 | D:5      | 4126 ||| Stepping ~*~*~tactically~*~*~ (outnumbered).
  4128 | D:5      | 4128 ||| Stepping ~*~*~tactically~*~*~ (outnumbered).
  4129 | D:5      | 4129 ||| Stepping ~*~*~tactically~*~*~ (outnumbered).
  4135 | D:5      | 4135 ||| Stepping ~*~*~tactically~*~*~ (outnumbered).
  4136 | D:5      | 4136 ||| Stepping ~*~*~tactically~*~*~ (outnumbered).
  4137 | D:5      | 4137 ||| Stepping ~*~*~tactically~*~*~ (outnumbered).
  4202 | D:5      | Found a staircase to the Ecumenical Temple.
  4508 | D:5      | 4508 ||| UPGRADING to ring of resist corrosion.
  4509 | D:5      | 4509 ||| READING 3 scrolls of identify.
  4509 | D:5      | 4509 ||| IDENTIFYING fizzy cyan potion
  4510 | D:5      | 4510 ||| READING 2 scrolls of identify.
  4510 | D:5      | 4510 ||| IDENTIFYING orange potion
  4511 | D:5      | 4511 ||| DROPPING potion of lignification.
  4702 | D:6      | 4702 ||| Stepping ~*~*~tactically~*~*~ (hiding).
  4801 | D:6      | Reached skill level 10 in Unarmed Combat
  4801 | D:6      | Reached XP level 9. HP: 54/81 MP: 10/10
  4819 | D:6      | 4819 ||| Stepping ~*~*~tactically~*~*~ (hiding).
  4828 | D:6      | 4828 ||| Stepping ~*~*~tactically~*~*~ (stealth).
  5069 | D:6      | Noticed a troll
  5077 | D:6      | Killed a troll
  5147 | D:6      | Found the +18 Lear's hauberk
  5159 | D:6      | 5159 ||| READING 2 scrolls labelled OKKALI ZISCHU.
  5160 | D:6      | 5160 ||| READING scroll labelled WALACW HERYDGHU.
  5161 | D:6      | 5161 ||| DRINKING 2 coppery potions.
  5161 | D:6      | Reached XP level 10. HP: 111/111 MP: 11/11
  5162 | D:6      | 5162 ||| DRINKING potion of experience.
  5162 | D:6      | Reached skill level 13 in Unarmed Combat
  5162 | D:6      | Reached XP level 11. HP: 119/119 MP: 12/12
  5163 | D:6      | 5163 ||| READING 2 scrolls of identify.
  5163 | D:6      | 5163 ||| IDENTIFYING yellow potion
  5164 | D:6      | 5164 ||| DROPPING potion of ambrosia.
  5165 | D:6      | 5165 ||| DROPPING scroll of immolation.
  5482 | D:7      | Noticed Duvessa
  5482 | D:7      | Noticed Dowan
  5483 | D:7      | 5483 ||| Stepping ~*~*~tactically~*~*~ (hiding).
  5487 | D:7      | 5487 ||| Stepping ~*~*~tactically~*~*~ (hiding).
  5488 | D:7      | 5488 ||| Stepping ~*~*~tactically~*~*~ (hiding).
  5489 | D:7      | 5489 ||| Stepping ~*~*~tactically~*~*~ (hiding).
  5490 | D:7      | 5490 ||| Stepping ~*~*~tactically~*~*~ (hiding).
  5494 | D:7      | Killed Duvessa
  5496 | D:7      | Killed Dowan
  5509 | D:7      | Found a shimmering altar of Xom.
  5519 | D:7      | Identified the +4 sling "Xoyg Qae" {speed, +Blink rC++ MP-9
                  | Str+3}
  5520 | D:7      | Found Woklum's Mass Market.
  5938 | D:7      | 5938 ||| FLEEEEING.
  5939 | D:7      | 5939 ||| FLEEEEING.
  5940 | D:7      | 5940 ||| Stepping ~*~*~tactically~*~*~ (hiding).
  5945 | D:7      | 5945 ||| FLEEEEING.
  5946 | D:7      | 5946 ||| FLEEEEING.
  6052 | D:7      | 6052 ||| READING scroll labelled EBRACA YDAWOMMAI.
  6053 | D:7      | 6053 ||| READING 4 scrolls of identify.
  6053 | D:7      | 6053 ||| IDENTIFYING emerald potion
  6054 | D:7      | 6054 ||| DROPPING potion of brilliance.
  6246 | D:8      | Found Jiotzun's Book Emporium.
  6308 | D:8      | 6308 ||| Stepping ~*~*~tactically~*~*~ (outnumbered).
  6309 | D:8      | 6309 ||| Stepping ~*~*~tactically~*~*~ (outnumbered).
  6310 | D:8      | 6310 ||| Stepping ~*~*~tactically~*~*~ (outnumbered).
  6312 | D:8      | 6312 ||| Stepping ~*~*~tactically~*~*~ (outnumbered).
  6316 | D:8      | 6316 ||| Stepping ~*~*~tactically~*~*~ (outnumbered).
  6319 | D:8      | Reached skill level 1 in Armour
  6528 | D:8      | 6528 ||| UPGRADING to +4 ring of evasion.
  6529 | D:8      | 6529 ||| UPGRADING to ring of protection from cold.
  6531 | D:8      | 6531 ||| DROPPING ring of resist corrosion.
  6532 | D:8      | 6532 ||| READING 3 scrolls labelled RERIEW UXOTES.
  6563 | D:8      | 6563 ||| DROPPING 2 scrolls of torment.
  6626 | D:9      | Found a sacrificial altar of Ru.
  6662 | D:9      | 6662 ||| Stepping ~*~*~tactically~*~*~ (stealth).
  6665 | D:9      | 6665 ||| INVOKING Fiery Armour.
  6683 | D:9      | 6683 ||| Stepping ~*~*~tactically~*~*~ (outnumbered).
  6684 | D:9      | 6684 ||| Stepping ~*~*~tactically~*~*~ (outnumbered).
  6685 | D:9      | 6685 ||| Stepping ~*~*~tactically~*~*~ (outnumbered).
  6686 | D:9      | 6686 ||| Stepping ~*~*~tactically~*~*~ (outnumbered).
  6687 | D:9      | 6687 ||| Stepping ~*~*~tactically~*~*~ (outnumbered).
  6719 | D:9      | Found a staircase to the Lair.
  6741 | D:9      | 6741 ||| Stepping ~*~*~tactically~*~*~ (stealth).
  6743 | D:9      | 6743 ||| Stepping ~*~*~tactically~*~*~ (hiding).
  6744 | D:9      | 6744 ||| Stepping ~*~*~tactically~*~*~ (hiding).
  6748 | D:9      | 6748 ||| Stepping ~*~*~tactically~*~*~ (outnumbered).
  6753 | D:9      | 6753 ||| Stepping ~*~*~tactically~*~*~ (outnumbered).
  6755 | D:9      | 6755 ||| Stepping ~*~*~tactically~*~*~ (outnumbered).
  6756 | D:9      | 6756 ||| Stepping ~*~*~tactically~*~*~ (outnumbered).
  6758 | D:9      | 6758 ||| Stepping ~*~*~tactically~*~*~ (outnumbered).
  6759 | D:9      | 6759 ||| Stepping ~*~*~tactically~*~*~ (outnumbered).
  6784 | D:9      | 6784 ||| Stepping ~*~*~tactically~*~*~ (stealth).
  6785 | D:9      | 6785 ||| Stepping ~*~*~tactically~*~*~ (hiding).
  6786 | D:9      | 6786 ||| Stepping ~*~*~tactically~*~*~ (hiding).
  6787 | D:9      | 6787 ||| Stepping ~*~*~tactically~*~*~ (hiding).
  6799 | D:9      | 6799 ||| INVOKING Fiery Armour.
  6850 | D:9      | 6850 ||| Stepping ~*~*~tactically~*~*~ (hiding).
  6851 | D:9      | 6851 ||| Stepping ~*~*~tactically~*~*~ (hiding).
  6852 | D:9      | 6852 ||| Stepping ~*~*~tactically~*~*~ (hiding).
  6853 | D:9      | 6853 ||| Stepping ~*~*~tactically~*~*~ (hiding).
  6865 | D:9      | 6865 ||| Stepping ~*~*~tactically~*~*~ (outnumbered).
  6866 | D:9      | 6866 ||| Stepping ~*~*~tactically~*~*~ (outnumbered).
  7076 | D:9      | 7076 ||| DROPPING ring of resist corrosion.
  7077 | D:9      | 7077 ||| READING 2 scrolls of teleportation.
  7081 | D:9      | 7081 ||| FLEEEEING.
  7088 | D:9      | 7088 ||| DRINKING potion of curing.
  7088 | D:9      | 7088 ||| (to cure confusion)
  7101 | D:9      | HP: 23/111 [something (13)]
  7106 | D:9      | HP: 3/111 [something (16)]
  7107 | D:9      | Slain by a vampire

Levels and vault maps discovered:
D:1:      nagdon_arrival_double_spiral, layout_loops_cross, minivault_11,
          corexii_item_surrounded_by_moat, minmay_octomino_c4
D:2:      layout_rooms, uniq_terence, uniq_natasha
D:3:      kennysheep_goblin_castle, layout_rooms, nicolae_ashenzari_skybound,
          slow_altar_2, serial_shops, nicolae_shop_crystal,
          nicolae_ecumenical_pavilion, serial_co_window_serial,
          co_window_paths_b, co_window_of_opportunity_a, co_window_paths_b,
          co_window_of_opportunity_a, co_window_of_opportunity_a,
          co_window_paths_b, co_window_of_opportunity_a, co_window_corner_cb,
          co_window_paths_c, co_window_cross_4, co_window_broadway_c,
          glass_columns_a, corner_web_ring, uniq_jessica, uniq_robin,
          uniq_grinder
D:4:      layout_gridville, kennysheep_donut
D:5:      layout_cave_pools, minmay_temple_entry_stoned_glass, serial_bayou,
          serial_bayou_pond_e, serial_bayou_pond_c, serial_bayou_pond_b,
          serial_bayou_shore_b, uniq_pikel
D:6:      layout_basic, hellmonk_guarded_unrand_lears
D:7:      layout_basic, brannock_xom_greatest_gift, minmay_shop_mass,
          uniq_duvessa
D:8:      layout_basic, serial_shops, nicolae_shop_waterfront
D:9:      layout_rooms, nicolae_ru_great_annihilating_truth,
          minmay_lair_entry_grove, nicolae_straight_to_the_point

Skill      XL: |  1  2  3  4  5  6  7  8  9 10 11 |
---------------+----------------------------------+-----
Unarmed Combat | 4 5 6 7 8 10 13 | 13.9
Throwing       | 2 3 5 |  5.0
Fighting       | 3 10 | 10.4
Dodging        | 4 |  4.0
Armour         | 1 |  1.2
Spellcasting   | |  1.0
Fire Magic     | |  2.1

Action                   |  1- 3 |  4- 6 |  7- 9 | 10-12 || total
-------------------------+-------+-------+-------+-------++-------
Melee: Unarmed           |    59 |   127 |   157 |   167 ||   510
       Punch             |     1 |     1 |     3 |    10 ||    15
Throw: Large rock        |       |     9 |    55 |    24 ||    88
Invok: Fiery Armour      |     1 |     2 |     3 |     2 ||     8
  Use: Scroll            |     3 |     5 |     8 |     5 ||    21
       Potion            |       |     1 |     4 |     2 ||     7
 Stab: Paralysed         |       |       |       |     1 ||     1
Armor: Robe              |    16 |    57 |    34 |    53 ||   160
       Skin              |       |     6 |    13 |       ||    19
Dodge: Dodged            |    23 |    55 |    95 |   122 ||   295

Table legend:
 A = Non-vault XP
 B = Vault XP
 C = Vault XP percentage of total XP
 D = Non-vault monster count
 E = Vault monster count
 F = Vault count percentage of total count
                 A         B        C        D         E       F
            +---------+---------+-------+---------+---------+-------
      Total |    4698 |    3650 |  43.7 |     161 |      62 |  27.8
            +---------+---------+-------+---------+---------+-------
        D:1 |      30 |      12 |  28.6 |      18 |       7 |  28.0
        D:2 |     116 |      71 |  38.0 |      17 |       2 |  10.5
        D:3 |     171 |     411 |  70.6 |      18 |      26 |  59.1
        D:4 |     680 |       0 |   0.0 |      25 |       0 |   0.0
        D:5 |     384 |     847 |  68.8 |      17 |       8 |  32.0
        D:6 |     211 |     317 |  60.0 |      10 |       1 |   9.1
        D:7 |     688 |     208 |  23.2 |      14 |       2 |  12.5
        D:8 |     836 |       0 |   0.0 |      11 |       0 |   0.0
        D:9 |    1582 |    1784 |  53.0 |      31 |      16 |  34.0
            +---------+---------+-------+---------+---------+-------
